AoeStats
← Zumoshi

Arabia

504988038Analyzed
1v1 RM · 26d ago on Sep 7, 2026· 64m 42s· 2 players
Game mode
Random Map
Map size
Tiny (2 player)
Population
200
Speed
Normal
Resources
Standard
Victory
Conquest
Starting age
Dark Age
Ending age
Imperial Age
RankedLock teamsTeams togetherTeam positionsShared explorationLock speedFull tech treeHidden civsTurbo modeCheats
Victory
Defeat
🇮🇱 Bulgarians · Israel
1166
+16
🇷🇺 Saracens · Russia
1175
-16
Zumoshi
6:54 Loom
9:41 Feudal Age
10:16 Double-Bit Axe
12:31 Arson
13:50 Horse Collar
14:59 Scale Mail Armor
21:57 Castle Age
20:22 Fletching
23:30 Pikeman
24:10 Squires
24:36 Bow Saw
25:43 Gambesons
26:30 Chain Mail Armor
26:26 Forging
28:04 Wheelbarrow
27:34 Heavy Plow
28:56 Bodkin Arrow
28:41 Elite Skirmisher
30:19 Gambesons
33:28 Iron Casting
34:43 Bloodlines
35:24 Gold Mining
35:24 Stone Mining
35:44 Husbandry
36:52 Scale Barding Armor
40:20 Imperial Age
38:29 Chain Barding Armor
38:09 Padded Archer Armor
38:41 Masonry
38:52 Ballistics
38:12 Light Cavalry
41:49 Crop Rotation
41:37 Hand Cart
41:33 Halberdier
41:39 Hussar
42:20 Stirrups
42:46 Conscription
44:22 Plate Mail Armor
44:53 Blast Furnace
45:35 Architecture
45:17 Murder Holes
46:57 Plate Barding Armor
46:35 Town Watch
47:09 Bagains
47:27 Town Patrol
48:36 Capped Ram
50:24 Siege Ram
R-Y
6:07 Loom
9:06 Feudal Age
10:46 Double-Bit Axe
18:59 Castle Age
18:07 Fletching
18:07 Horse Collar
18:48 Bloodlines
20:24 Town Watch
20:18 Crossbowman
22:49 Bodkin Arrow
27:56 Padded Archer Armor
28:46 Wheelbarrow
29:16 Leather Archer Armor
31:10 Scale Barding Armor
31:39 Forging
36:42 Imperial Age
35:00 Murder Holes
35:16 Husbandry
35:38 Bimaristan
36:59 Elite Mameluke
39:29 Chemistry
39:44 Heavy Camel Rider
40:56 Masonry
41:23 Bracer
42:00 Iron Casting
41:49 Hand Cart
43:22 Heavy Plow
44:41 Bow Saw
45:04 Conscription
45:14 Sanctity
45:06 Gold Mining
46:21 Hoardings
46:22 Town Patrol
47:14 Ring Archer Armor
47:26 Thumb Ring
48:50 Ballistics
48:22 Guard Tower
48:19 Arrowslits
48:16 Treadmill Crane
49:32 Siege Engineers
49:49 Chain Barding Armor
48:54 Light Cavalry
50:32 Fervor
50:54 Counterweights
54:53 Plate Barding Armor
55:19 Blast Furnace
57:30 Hussar
60:30 Two-Man Saw
61:52 Keep
Connection lost

Rejoining the realm…

Still unreachable

The connection could not be restored.

Session expired

The server has moved on; the page needs a fresh start.